 Dungeon Crawl Stone Soup version 0.30.1 (webtiles) character file.

Game seed: 2445909916760396315

96 Graphine the Sneak (level 4, 0/27 HPs)
             Began as a Kobold Brigand on July 4, 2023.
             Slain by an orc wizard
             ... wielding a +0 dagger
              (2 damage)
             ... on level 3 of the Dungeon.
             The game lasted 00:02:52 (1622 turns).

Graphine the Sneak (Kobold Brigand)                 Turns: 1622, Time: 00:02:53

Health: 0/27       AC:  4    Str:  8    XL:     4   Next: 98%
Magic:  4/4        EV: 15    Int: 18    God:
Gold:   104        SH:  0    Dex: 18    Spells: 3/3 levels left

rFire   . . .        a - +2 dagger
rCold   . . .        (no shield)
rNeg    . . .        b - +0 robe
rPois   .            (no helmet)
rElec   .            c - +1 cloak
rCorr   .            (no gloves)
SInv    .            (no boots)
Will    .....        g - amulet of magic regeneration
Stlth   ++++         j - +6 ring of intelligence
HPRegen 0.24/turn    (no ring)
MPRegen 0.49/turn

%: no passive effects
@: no status effects
A: small, no large weapons, nightstalker 3
a: no special abilities


You were on level 3 of the Dungeon.
You visited 1 branch of the dungeon, and saw 3 of its levels.

You collected 104 gold pieces.

Inventory:

Hand Weapons
 a - a +2 dagger (weapon)
Missiles
 d - 11 poisoned darts
 h - 6 boomerangs (quivered)
Armour
 b - a +0 robe (worn)
 c - a +1 cloak (worn)
Jewellery
 g - an amulet of magic regeneration (around neck)
 j - a +6 ring of intelligence (left hand)
Scrolls
 f - a scroll of identify
 i - a scroll of immolation


   Skills:
 + Level 2.8 Fighting
 * Level 4.0 Short Blades
 - Level 2.1 Throwing
 * Level 2.8 Dodging
 * Level 6.2 Stealth


You had 3 spell levels left.
You didn't know any spells.
Your spell library contained the following spells:

 Spells                   Type           Power      Damage    Failure   Level
 Summon Small Mammal      Summ           0%         N/A       22%         1
 Call Canine Familiar     Summ           0%         N/A       54%         3
 Summon Guardian Golem    Hex/Summ       0%         N/A       54%         3


Dungeon Overview and Level Annotations

Branches:
Dungeon (3/15)

Altars:


Innate Abilities, Weirdness & Mutations

You are small and have problems with some larger weapons.
You are completely attuned to the shadows.


Message History

Hit: a) +2 dagger
Press: ? - help, Dir - move target You hit something but do no damage.
Something hits you.
* * * LOW HITPOINT WARNING * * *
Hit: a) +2 dagger
Press: ? - help, Dir - move target You miss something.
Something hits you but does no damage.
Hit: a) +2 dagger
Press: ? - help, Dir - move target You miss something.
Hit: a) +2 dagger
Press: ? - help, Dir - move target You hit something.
You hear some strange, mumbled words.
You are confused.
You're too confused to aim your attacks!
Unknown command.
You aren't carrying any potions.
You aren't carrying any potions.
You're too confused to move!
You hear some strange, mumbled words.
A puff of flame appears from out of thin air!
The puff of flame hits you.
* * * LOW HITPOINT WARNING * * *
You bump into the rock wall.
Something hits you but does no damage.
You are too confused!
You bump into the rock wall.
Something hits you but does no damage.
You hit something but do no damage.
You hear some strange, mumbled words.
A magic dart appears from out of thin air!
The magic dart hits you.
* * * LOW HITPOINT WARNING * * *
Okay, then.
You are too confused!
You hit something. Something hits you but does no damage.
You completely miss something. Something hits you but does no damage.
You're too confused to move!
You feel less confused. Something hits you.
You die...

...#
###...#
#(....#
#.....#
#o<.o..
#)#..##
#.#....
#@#.###
#.....
###.#.
.# #


You could see an orc.

Vanquished Creatures
  An orc priest (D:3)
  A worm (D:2)
  2 dart slugs
  2 orcs (D:3)
  3 ball pythons
  3 endoplasms
  5 goblins
  6 hobgoblins
  5 jackals (D:2)
  4 kobolds (D:1)
  4 quokkas
  2 frilled lizards (D:1)
  19 rats (D:2)
57 creatures vanquished.

Notes
Turn   | Place    | Note
-------+----------+-------------------------------------------
     0 | D:1      | Graphine the Kobold Brigand began the quest for the Orb.
     0 | D:1      | Reached XP level 1. HP: 12/12 MP: 1/1
    67 | D:1      | Reached XP level 2. HP: 17/17 MP: 2/2
   249 | D:1      | Found a faded altar of an unknown god.
   400 | D:1      | Reached XP level 3. HP: 22/22 MP: 3/3
  1170 | D:2      | Reached skill level 6 in Stealth
  1196 | D:2      | Reached XP level 4. HP: 27/27 MP: 4/4
  1622 | D:3      | Slain by an orc wizard

Illustrated notes

Levels and vault maps discovered:
D:1:      matt_arrival_grand_opening, layout_basic,
          shapermc_ecumenical_altar_totnotflames, minmay_tetromino_o4
D:2:      layout_loops_ring, minmay_rat_hole
D:3:      cheibrodos_old_hovel, layout_basic

Skill      XL: |  1  2  3  4 |
---------------+-------------+-----
Short Blades   | 3 4 |  4.0
Dodging        | 2 |  2.8
Stealth        | 6 |  6.2
Fighting       | |  2.8
Throwing       | |  2.1

Action                     |  1- 3 |  4- 6 || total
---------------------------+-------+-------++-------
  Melee: Dagger            |    94 |    60 ||   154
         Punch             |     1 |       ||     1
  Throw: Boomerang         |     2 |     3 ||     5
         Dart              |       |     3 ||     3
    Use: Scroll            |     2 |       ||     2
   Stab: Sleeping          |    21 |     3 ||    24
 Armour: Robe              |    11 |    14 ||    25
  Dodge: Dodged            |    55 |    25 ||    80
